 Dungeon Crawl Stone Soup version 0.29-a0-330-g52719c12eb (webtiles) character file.

Game seed: 5398371074614758378

46 dohliylev the Grasshopper (level 3, -3/35 HPs)
             Began as a Troll Warper on May 13, 2022.
             Slain by Crazy Yiuf
             ... wielding a +2 quarterstaff of chaos
              (13 damage)
             ... while paralysed by Crazy Yiuf
             ... on level 2 of the Dungeon.
             The game lasted 00:02:33 (1151 turns).

dohliylev the Grasshopper (Troll Warper)            Turns: 1151, Time: 00:02:34

Health: -3/35      AC:  6    Str: 21    XL:     3   Next: 46%
Magic:  4/4        EV:  1    Int:  9    God:
Gold:   93         SH:  0    Dex:  9    Spells: 5/5 levels left

rFire   . . .      SeeInvis .     - Unarmed
rCold   . . .      Faith    .   (no shield)
rNeg    . . .      Spirit   .   a - +0 robe
rPois   .          Reflect  .   f - +2 hat
rElec   .          Harm     .   (no cloak)
rCorr   .          Rampage  .   (gloves unavailable)
Will    .....                   (boots unavailable)
Stlth   +.........              (no amulet)
HPRegen 0.91/turn               (no ring)
MPRegen 0.09/turn               (no ring)

@: paralysed, hasted
A: large, unfitting armour, claws 3, regeneration 1, shaggy fur 1, tough skin 1
a: no special abilities


You were on level 2 of the Dungeon.
You visited 1 branch of the dungeon, and saw 2 of its levels.

You collected 93 gold pieces.

Inventory:

Missiles
 c - 7 boomerangs of dispersal (quivered)
Armour
 a - a +0 robe (worn)
 f - a +2 hat (worn)
Jewellery
 m - a +4 ring of evasion
Scrolls
 b - a scroll of blinking
 i - a scroll of silence {unknown}
 j - a scroll of summoning {unknown}
 k - a scroll of teleportation {unknown}
 n - a scroll of identify {unknown}
 o - a scroll of holy word {unknown}
Potions
 d - a potion of degeneration {unknown}
 e - a potion of ambrosia {unknown}
 g - a potion of cancellation {unknown}
 h - 2 potions of heal wounds {unknown}
 l - a potion of mutation {unknown}


   Skills:
 + Level 1.6 Fighting
 + Level 0.8 Throwing
 + Level 2.4 Dodging
 + Level 2.4 Unarmed Combat
 + Level 1.5 Spellcasting
 + Level 2.5 Translocations


You had 5 spell levels left.
You didn't know any spells.
Your spell library contained the following spells:

 Spells                   Type           Power      Damage    Failure   Level
 Blink                    Tloc           10%        N/A       19%         2
 Gell's Gravitas          Tloc           5%         N/A       36%         3
 Lesser Beckoning         Tloc           5%         N/A       36%         3
 Teleport Other           Tloc           5%         N/A       36%         3
 Static Discharge         Conj/Air       0%         N/A       47%         2
 Conjure Flame            Conj/Fire      0%         6-21      71%         3
 Ignite Poison            Fire/Tmut/Pois 0%         N/A       71%         3
 Sticky Flame             Conj/Fire      0%         2d3       98%         4
 Manifold Assault         Tloc           5%         N/A       98%         5
 Lightning Bolt           Conj/Air       0%         1d11      100%        5
 Maxwell's Capacitive Co  Air            0%         ∞         100%        8


Dungeon Overview and Level Annotations

Branches:
Dungeon (2/15)

Altars:

Annotations:
D:2 Crazy Yiuf


Innate Abilities, Weirdness & Mutations

You are too large for most types of armour.
You have claws for hands.
Your natural rate of healing is unusually fast.
You are covered in fur. (AC +1)
You have tough skin. (AC +1)


Message History

There is an open door here.
n - a scroll labelled KAWIUN EDABB
Found a stone staircase leading down.
There is a stone staircase leading down here.
Things that are here:
a +0 dagger; a goblin corpse You see here a hobgoblin corpse.
A hobgoblin comes into view.
The hobgoblin closely misses you.
You scratch the hobgoblin.
You kill the hobgoblin!
Found 6 gold pieces.
You now have 93 gold pieces (gained 6).
o - a scroll labelled XOMENG KUUFFECVO
There is an open door here.
You open the door. You claw Crazy Yiuf!
Crazy Yiuf is moderately wounded.
Crazy Yiuf closely misses you.
Crazy Yiuf is nearby!
You barely miss Crazy Yiuf.
Crazy Yiuf is moderately wounded.
Crazy Yiuf laughs, "Goldfish!"
Crazy Yiuf hits you with a +2 quarterstaff of chaos!
You feel yourself speed up.
You barely miss Crazy Yiuf.
Crazy Yiuf is moderately wounded.
You closely miss Crazy Yiuf.
Crazy Yiuf is moderately wounded.
Crazy Yiuf closely misses you.
You claw Crazy Yiuf!
Crazy Yiuf is almost dead.
Crazy Yiuf hits you with a +2 quarterstaff of chaos!
You suddenly lose the ability to move!
Crazy Yiuf laughs, "Aardvark!"
Crazy Yiuf hits you with a +2 quarterstaff of chaos.
Crazy Yiuf burns you.
* * * LOW HITPOINT WARNING * * *
Crazy Yiuf hits you with a +2 quarterstaff of chaos!
You die...

###'#+########.#..#####..........
#........# #.#.................
###........# #.##.#####.........#
#.#.....#### ###### ##.#.###.##
..#.....# ##.....).. #.#.....#
##........ ..#.....#### ###
#......... .##......#.## ###..)#
##..#.#... .##.#+......####@g...#
#..#.#... .##.#.#......#..##...#
##.#.+... ###.#.##.#..#.### ###
#.###... #.#.######### #.###...
###.#.### ##....... ....#...#####
###########........
#####.......###.#......##.####...
....'.......+.#......#.##.# #....
.####.......#.#.#....#'##.# #....


You could see Crazy Yiuf.

Vanquished Creatures
  A worm (D:2)
  5 ball pythons
  4 endoplasms
  4 giant cockroaches
  3 goblins
  8 hobgoblins
  2 quokkas (D:1)
  4 bats
  3 frilled lizards
  A kobold (D:1)
  5 rats
40 creatures vanquished.

Notes
Turn   | Place    | Note
-------+----------+-------------------------------------------
     0 | D:1      | dohliylev the Troll Warper began the quest for the Orb.
     0 | D:1      | Reached XP level 1. HP: 19/19 MP: 1/1
    50 | D:1      | Found a faded altar of an unknown god.
    71 | D:1      | Reached XP level 2. HP: 20/27 MP: 3/3
   519 | D:2      | Reached XP level 3. HP: 33/33 MP: 4/4
   864 | D:2      | Found a runed translucent door.
   865 | D:2      | Noticed Crazy Yiuf
  1149 | D:2      | Paralysed by Crazy Yiuf for 3 turns
  1151 | D:2      | Slain by Crazy Yiuf

Illustrated notes

Levels and vault maps discovered:
D:1:      pf_arrival_petrified_forest, layout_rooms, basic_ecumenical_altar
D:2:      layout_basic, uniq_crazy_yiuf_cottage

Skill      XL: |  1 |
---------------+----+-----
Dodging        | 2 |  2.4
Fighting       | |  1.6
Throwing       | |  0.8
Unarmed Combat | |  2.4
Spellcasting   | |  1.5
Translocations | |  2.5

Action                   || total
-------------------------++-------
Melee: Unarmed           ||   105
Armor: Robe              ||    41
Dodge: Dodged            ||    56

Table legend: (Time is in decaauts)
 A = Elapsed time spent in this place.
 B = Non-inter-level travel time spent in this place.
 C = Inter-level travel time spent in this place.
 D = Time resting spent in this place.
 E = Time spent auto-exploring this place.
 F = Levels seen in this place.
 G = Mean time per level.
                   A        B        C        D        E       F      G
               +--------+--------+--------+--------+--------+-----+--------+
         Total |   1145 |   1132 |     13 |      0 |    793 |   2 |  572.5 |
       Dungeon |   1145 |   1132 |     13 |      0 |    793 |   2 |  572.5 |
               +--------+--------+--------+--------+--------+-----+--------+

Top non-repeatable levels by time:
     D:2: 663 daAuts
     D:1: 481 daAuts
